AoeStats
← UMIT BESEN

Arabia

509923680Analyzed
1v1 RM · 3d ago on Sep 28, 2026· 53m 58s· 2 players
Game mode
Random Map
Map size
Tiny (2 player)
Population
200
Speed
Normal
Resources
Standard
Victory
Conquest
Starting age
Dark Age
Ending age
Imperial Age
RankedLock teamsTeams togetherTeam positionsShared explorationLock speedFull tech treeHidden civsTurbo modeCheats
Victory
Defeat
🇹🇷 Goths · Türkiye
1241
+14
🇵🇪 Romans · Peru
1199
-14
UMIT BESEN
1:55 Loom
10:48 Feudal Age
12:11 Double-Bit Axe
15:21 Man-at-Arms
25:17 Castle Age
23:12 Stone Mining
23:05 Horse Collar
24:32 Scale Mail Armor
24:22 Fletching
24:27 Gold Mining
29:03 Wheelbarrow
28:30 Pikeman
32:13 Forging
34:30 Chain Mail Armor
34:51 Iron Casting
34:22 Squires
35:30 Bow Saw
35:26 Heavy Plow
38:32 Hand Cart
41:38 Imperial Age
42:49 Conscription
42:24 Town Watch
43:15 Halberdier
46:05 Two-Man Saw
49:33 Blast Furnace
50:12 Perfusion
49:34 Elite Huskarl
Hotaco
6:34 Loom
9:23 Feudal Age
10:06 Double-Bit Axe
10:13 Horse Collar
14:21 Fletching
14:48 Scale Barding Armor
20:57 Forging
21:14 Fletching
23:01 Wheelbarrow
23:30 Padded Archer Armor
24:02 Bloodlines
28:55 Castle Age
32:46 Chain Barding Armor
35:45 Iron Casting
35:29 Crossbowman
37:08 Heavy Plow
37:27 Bow Saw
39:50 Bodkin Arrow
40:10 Leather Archer Armor
46:34 Imperial Age
47:03 Cavalier
47:34 Elite Skirmisher
48:51 Plate Barding Armor
Connection lost

Rejoining the realm…

Still unreachable

The connection could not be restored.

Session expired

The server has moved on; the page needs a fresh start.